cohdb
Replays
Latest Replays
All Replays
Popular Replays
Top Player Replays
Match Explorer
How It Works
Community
CoH3 Stats
Reddit
Sign in to upload your games and track your stats! →
Sign in with Steam
Match 31959154
Unlisted
Match 31959154
Overview
Messages
Build Orders
End
Scout Squad
Construct Barracks
Riflemen Squad
Riflemen Squad
Grenade Package
Construct Weapon Support Center
M1919 Machine Gun Team
Air Support Center
M3 Armored Personnel Carrier
Selects Special Operations Battlegroup
Selects M29 Weasel with M1 Pack Howitzer
M29 Weasel with M1 Pack Howitzer
M3 Armored Personnel Carrier
P-47 Strafing Run
Grasshopper Recon Run
P-47 Dive Bomb
P-47 Strafing Run
Grasshopper Recon Run
Construct Tank Depot
Selects P-47 Anti-Infantry Loiter
Selects UNKNOWN (2162291)
P-47 Strafing Run
Selects Raiding Flares
P-47 Strafing Run
P-47 Dive Bomb
M4A1 Sherman Whizbang
Riflemen Squad
M1918 Browning Automatic Rifles
Grasshopper Recon Run
Selects SSF Commando Squad
SSF Commando Squad
Grasshopper Recon Run
P-47 Strafing Run
M18 Hellcat Tank Destroyer
Raiding Flares
P-47 Dive Bomb
SSF Commando Squad
Grasshopper Recon Run
Engineer Squad
P-47 Strafing Run
Grasshopper Recon Run
Grimauldus
iNNo.-
Zerma
Bradders
[EASY] CLUBs37
hexxcode
mp1otr
[Freikorps] Niveus
0
0
Comments
sign in to comment!
No comments posted yet!